 Dungeon Crawl Stone Soup version 0.16-a0-3699-g1c51eb1 (console) character file.

91 mauris the Cudgeler (level 4, -4/33 HPs)
             Began as a Demonspawn Gladiator on Jan 19, 2015.
             Slain by Crazy Yiuf
             ... wielding a +2 quarterstaff of chaos
              (11 damage)
             ... while paralysed by Crazy Yiuf
             ... on level 2 of the Dungeon.
             The game lasted 00:02:18 (1721 turns).

mauris the Cudgeler (Demonspawn Gladiator)          Turns: 1721, Time: 00:02:18

Health: -4/33      AC:  6    Str: 15    XL:     4   Next: 34%
Magic:  4/4        EV:  2    Int:  9    God:
Gold:   120        SH:  0    Dex: 15    Spells: 0 memorised, 3 levels left

rFire  . . .     SeeInvis .     a - +0 flail
rCold  . . .     Clarity  .     b - +0 leather armour
rNeg   . . .     SustAb   .     j - +0 shield
rPois  .         Gourm    .     k - +0 helmet
rElec  .         Spirit   .     (no cloak)
rCorr  .         Warding  .     (no gloves)
rMut   .         Stasis   .     (no boots)
MR     .....                    (no amulet)
Stlth  +.........               (no ring)
                                (no ring)

@: paralysed, slowed, not resistant to hostile enchantments, very unstealthy
A: talons 1, slimy green scales 1
a: no special abilities


You were on level 2 of the Dungeon.
You were hungry.

You visited 1 branch of the dungeon, and saw 2 of its levels.

You collected 120 gold pieces.

Inventory:

Hand weapons
 a - a +0 flail (weapon)
Missiles
 d - 3 throwing nets (quivered)
 i - 5 poisoned needles
Armour
 b - a +0 leather armour (worn)
 j - a +0 shield (worn)
 k - a +0 helmet (worn)
Scrolls
 e - 3 scrolls of teleportation {@r4}
Comestibles
 f - a bread ration
 h - a slice of pizza


   Skills:
 - Level 2.0 Fighting
 + Level 4.7 Maces & Flails
 - Level 1.7 Throwing
 - Level 2.6 Dodging


You had 3 spell levels left.
You didn't know any spells.

Dungeon Overview and Level Annotations

Branches:
Dungeon (2/15)

Altars:
Elyvilon
Qazlal

Annotations:
D:2 Crazy Yiuf


Innate Abilities, Weirdness & Mutations

You have sharp toenails.
You are partially covered in slimy green scales (AC +2).


Message History

You block Crazy Yiuf's attack.
You barely miss Crazy Yiuf.
Crazy Yiuf is lightly wounded.
Crazy Yiuf closely misses you.
You hit Crazy Yiuf.
Crazy Yiuf is moderately wounded.
Crazy Yiuf sings, "Trees, trees, trees, circus!"
Crazy Yiuf barely misses you.
You hit Crazy Yiuf. You claw Crazy Yiuf, but do no damage.
Crazy Yiuf is heavily wounded.
Crazy Yiuf hits you with a quarterstaff of chaos.
You suddenly lose the ability to move!
Crazy Yiuf hits you with a quarterstaff of chaos!
* * * LOW HITPOINT WARNING * * *
Crazy Yiuf hits you with a quarterstaff of chaos!
* * * LOW HITPOINT WARNING * * *
You feel yourself slow down.
Crazy Yiuf grits, "Tonal sow eyeball!"
Crazy Yiuf hits you with a quarterstaff of chaos!
You die...

#. #...(.#
#.........##.###..
#.##.#####
#.........##.<....
.....#
##..########.###.#
##..## #### #.....#
#..#### ###########
##.....#######
#..........
....####...#.### ####
##..#######
....##......#..##...#
#..##.....
####....^..####.1g..#
#.....###. #...#..##
###..)# #.#.......
#...#### ####
#.#.#####. #...#
#.#.#..... #...#
#.#.#.#### ##.## ###
###.#.#)#... #.# #.#
#.#.#.#.#... #.# #.#
#...#.#..... #.#
#.#####..#.###...


You could see Crazy Yiuf.

Vanquished Creatures
  3 gnolls (D:2)
  3 adders (D:2)
  A giant gecko (D:2)
  5 bats
  A giant cockroach (D:1)
  3 hobgoblins (D:1)
  5 kobolds
  A ball python (D:1)
  2 giant newts
  7 goblins
  6 rats
37 creatures vanquished.

Notes
Turn   | Place    | Note
--------------------------------------------------------------
     0 | D:1      | mauris, the Demonspawn Gladiator, began the quest for the Orb.
     0 | D:1      | Reached XP level 1. HP: 16/16 MP: 1/1
   264 | D:1      | Reached skill level 3 in Maces & Flails
   280 | D:1      | Gained mutation: You have sharp toenails. [demonic ancestry]
   280 | D:1      | Reached XP level 2. HP: 12/22 MP: 2/2
   834 | D:2      | Reached XP level 3. HP: 23/27 MP: 3/3
   985 | D:2      | Found a white marble altar of Elyvilon.
  1008 | D:2      | Reached skill level 4 in Maces & Flails
  1298 | D:2      | Gained mutation: You are partially covered in slimy green scales (AC +2). [demonic ancestry]
  1298 | D:2      | Reached XP level 4. HP: 25/33 MP: 4/4
  1690 | D:2      | Found a stormy altar of Qazlal.
  1710 | D:2      | Noticed Crazy Yiuf
  1718 | D:2      | Paralysed by Crazy Yiuf for 7 turns
  1721 | D:2      | Slain by Crazy Yiuf

Action                   |  1- 3 |  4- 6 || total
-------------------------+-------+-------++-------
Melee: Flail             |   138 |    22 ||   160
Throw: Throwing net      |       |     2 ||     2
  Use: Potion            |     1 |       ||     1
       Scroll            |     1 |       ||     1
  Eat: Chunk             |     1 |     1 ||     2

Vault maps used:
D:1:      dpeg_arrival_ternary
D:2:      lemuel_doored_altar, nicolae_overflow_crystal_walls,
          uniq_crazy_yiuf_cottage, uniq_jessica
